 Dungeon Crawl Stone Soup version 0.20.1-1-g8b1a95d (webtiles) character file.

144 Aleksandr27reg the Grave Robber (level 5, 0/35 HPs)
             Began as a Mummy Necromancer on Nov 2, 2017.
             Slain by a centaur skeleton (4 damage)
             ... on level 4 of the Dungeon on Nov 3, 2017.
             The game lasted 00:13:36 (2450 turns).

Aleksandr27reg the Grave Robber (Mummy Necromancer) Turns: 2450, Time: 00:13:37

Health: 0/35       AC:  2    Str: 11    XL:     5   Next: 5%
Magic:  12/12      EV: 12    Int: 16    God:
Gold:   155        SH:  0    Dex: 12    Spells: 12/13 levels left

rFire    x . .     SeeInvis .   c - +2 dagger (speed)
rCold    + . .     Gourm    .   (no shield)
rNeg     + + +     Faith    .   a - +0 robe
rPois    ∞         Spirit   .   (no helmet)
rElec    .         Reflect  .   (no cloak)
rCorr    .         Harm     .   (no gloves)
MR       .....                  (no boots)
Stlth    ++........             (no amulet)
Regen    0.2/turn               (no ring)
MPRegen  0.2/turn               (no ring)

@: no status effects
A: no food or potions, fire vulnerability, cold resistance 1, negative energy
resistance 3, torment resistance, unbreathing
a: no special abilities


You were on level 4 of the Dungeon.
You were not hungry.

You visited 1 branch of the dungeon, and saw 4 of its levels.

You collected 155 gold pieces.

Inventory:

Hand Weapons
 c - a +2 dagger of speed (weapon)
Armour
 a - a +0 robe (worn)
Scrolls
 d - 3 scrolls of identify
 e - a scroll of recharging
Books
 b - a book of Necromancy

   Spells                             Type                      Level
   a - Pain                           Necromancy                   1
   b - Animate Skeleton               Necromancy                   1
   c - Vampiric Draining              Necromancy                   3
   d - Regeneration                   Charms/Necromancy            3
   e - Animate Dead                   Necromancy                   4
   f - Control Undead                 Necromancy                   4


   Skills:
 + Level 2.1 Dodging
 + Level 2.1 Stealth
 * Level 4.8 Spellcasting
 * Level 4.8 Necromancy


You had 12 spell levels left.
You knew the following spells:

 Your Spells              Type           Power        Failure   Level  Hunger
a - Pain                  Necr           ###.         2%          1    N/A

Dungeon Overview and Level Annotations

Branches:
Dungeon (4/15)             Temple (0/1) D:4

Altars:
Ashenzari
Okawaru
Sif Muna
Vehumet
Yredelemnul

Annotations:
D:3 Aleksandr27reg's ghost, weakling DEWz


Innate Abilities, Weirdness & Mutations

You do not eat or drink.
Your flesh is vulnerable to fire.
You are immune to poison.
Your flesh is cold resistant. (rC+)
You are immune to negative energy. (rN+++)
You are immune to unholy pain and torment.
You can survive without breathing.


Message History

The centaur skeleton is severely damaged.
The centaur skeleton hits you.
You hit the centaur skeleton.
The centaur skeleton is severely damaged.
The centaur skeleton hits you!
You hit the centaur skeleton but do no damage.
The centaur skeleton is severely damaged.
The centaur skeleton barely misses you.
You hit the centaur skeleton.
The centaur skeleton is almost destroyed.
The centaur skeleton hits you.
* * * LOW HITPOINT WARNING * * *
You hit the centaur skeleton.
The centaur skeleton is almost destroyed.
The centaur skeleton hits you.
* * * LOW HITPOINT WARNING * * *
The centaur skeleton closely misses you.
The centaur skeleton misses you. The centaur skeleton hits you.
You die...

,,,....†.....##### **,,,,***
,,,.⌠.....##.....### *,,,*,,**
,,,....(..*#####...# *,*,**,*,
*,,.......* ###.# *,*,**,*,
*,,._...##* ###.# *,*,**,,,
,,,...##* #...# *,*,***,,
,**#.#** #.#.#*****,*,* *,,
,**#.,,* ##Z##..,,,,,*,*****
,,,,,*,* ##.@.##...,,,,,,,,,*
,**,..,** ##!....####..,,,,,,,,
,***....#####.......##*,.,,,,,,,,
,**,,#.........._.....#,,,,,,,,,,
,*,,*######.#.......#...,,,,,,,,,
,,,**#......##†....####.,,,,,,,,,
*****##......##...## *,,,,,,,,,*
≈≈≈≈≈≈#...<...##.## *,,,,,*****
,,,,,≈#..........# *,,,,,*,,,,


You could see a centaur skeleton.

Vanquished Creatures
  An orc wizard (D:2)
  A worker ant (D:4)
  2 adders (D:2)
  An ooze (D:2)
  2 leopard geckos (D:2)
  3 orcs
  6 bats
  3 giant cockroaches
  6 goblins
  7 hobgoblins
  6 jackals
  2 ball pythons
  7 frilled lizards
  5 kobolds
  16 rats
68 creatures vanquished.

Notes
Turn   | Place    | Note
-------+----------+-------------------------------------------
     0 | D:1      | Aleksandr27reg the Mummy Necromancer began the quest for the Orb.
     0 | D:1      | Reached XP level 1. HP: 13/13 MP: 4/4
   381 | D:1      | Reached XP level 2. HP: 19/19 MP: 3/6
  1048 | D:2      | Reached XP level 3. HP: 14/24 MP: 0/7
  1587 | D:2      | Reached XP level 4. HP: 28/30 MP: 5/10
  1708 | D:2      | Found a basalt altar of Yredelemnul.
  1817 | D:2      | Found a shattered altar of Ashenzari.
  2280 | D:3      | Noticed Aleksandr27reg's ghost (weakling DEWz)
  2372 | D:4      | Found an iron altar of Okawaru.
  2376 | D:4      | Reached XP level 5. HP: 35/35 MP: 8/12
  2422 | D:4      | Found a deep blue altar of Sif Muna.
  2422 | D:4      | Found a radiant altar of Vehumet.
  2450 | D:4      | Slain by a centaur skeleton

Skill      XL: |  1  2  3  4 |
---------------+-------------+-----
Spellcasting   | 3 4 |  4.8
Dodging        | 2 |  2.1
Stealth        | 2 |  2.1
Necromancy     | |  4.8

Action                   |  1- 3 |  4- 6 || total
-------------------------+-------+-------++-------
Melee: Dagger            |       |    21 ||    21
 Cast: Pain              |    82 |    34 ||   116
  Use: Scroll            |       |     3 ||     3
Armor: Robe              |     2 |     3 ||     5
Dodge: Dodged            |    11 |    16 ||    27
